 Dungeon Crawl Stone Soup version 0.25.0-9-g26727b657a (webtiles) character file.

Game seed: 17527035639437418517

133 mopl the Sneak (level 5, -17/31 HPs)
             Began as an Octopode Earth Elementalist on June 16, 2020.
             Demolished by a polar bear (18 damage)
             ... created by the rage of Trog
             ... on level 3 of the Dungeon.
             The game lasted 00:04:33 (3110 turns).

mopl the Sneak (Octopode Earth Elementalist)        Turns: 3110, Time: 00:04:33

Health: -17/31     AC:  3    Str:  7    XL:     5   Next: 16%
Magic:  18/18      EV: 13    Int: 18    God:
Gold:   109        SH:  0    Dex: 13    Spells: 3/9 levels left

rFire    . . .     SeeInvis .   a - +1 dagger
rCold    . . .     Gourm    .   (no shield)
rNeg     . . .     Faith    .   q - +2 hat
rPois    .         Spirit   .   (no amulet)
rElec    .         Reflect  .   i - ring of magical power
rCorr    .         Harm     .   (no ring)
MR       .....                  (no ring)
Stlth    ++++......             (no ring)
HPRegen  0.10/turn              (no ring)
MPRegen  0.16/turn              (no ring)
                                (no ring)
                                (no ring)

@: no status effects
A: almost no armour, stealthy swim, amphibious, 8 rings, constrict 8, camouflage
1, gelatinous body 1
a: no special abilities


You were on level 3 of the Dungeon.
You were not hungry.

You visited 1 branch of the dungeon, and saw 3 of its levels.

You collected 109 gold pieces.

Inventory:

Hand Weapons
 a - a +1 dagger (weapon)
Missiles
 b - 88 stones (quivered)
 e - 7 poisoned darts
Armour
 n - a +2 kite shield
 q - a +2 hat (worn)
Jewellery
 i - a ring of magical power (left tentacle)
Scrolls
 j - a scroll of random uselessness {unknown}
 l - a scroll of fear {unknown}
 m - a scroll of remove curse
Potions
 d - a potion of haste
 k - 2 potions of flight
 o - 2 potions of curing
 p - 2 potions of heal wounds
 r - 2 potions of brilliance
 s - 2 potions of might {unknown}
 t - a potion of mutation {unknown}
Comestibles
 c - 5 rations
 f - a chunk of flesh


   Skills:
 - Level 2.0 Dodging
 + Level 4.3 Stealth
 + Level 1.7 Shields
 - Level 2.8 Spellcasting
 - Level 1.5 Transmutations
 - Level 3.8 Earth Magic


You had 3 spell levels left.
You knew the following spells:

 Your Spells              Type           Power        Failure   Level  Hunger
a - Sandblast             Erth           ###...       3%          1    None
b - Stone Arrow           Conj/Erth      #.....       22%         3    ###....
p - Passwall              Tmut/Erth      ##......     9%          2    ##.....

Your spell library contained the following spells:

 Spells                   Type           Power        Failure   Level  Hunger
 Petrify                  Tmut/Erth      ##......     50%         4    ####...
 Lee's Rapid Deconstruct  Erth           ###.......   67%         5    ######.


Dungeon Overview and Level Annotations

Branches:
Dungeon (3/15)

Altars:
Elyvilon
Trog
Yredelemnul
The Shining One

Annotations:
D:3 2 transporters


Innate Abilities, Weirdness & Mutations

You cannot wear most types of armour.
You are very stealthy in the water. (Stealth+)
You are amphibious.
You can wear up to eight rings at the same time.
You can use your tentacles to constrict eight enemies at once.
Your skin changes colour to match your surroundings (Stealth+).
Your rubbery body absorbs attacks. (AC +1, EV +1)


Message History

As you read the scroll labeled RACOESONUN, it crumbles to dust.
It is a scroll of amnesia.
Really abort (and waste the scroll)?
Okay, then.
The black bear bites you! The black bear closely misses you.
The black bear claws you but does no damage.
Unknown command.
As you read the scroll labeled USHRUT VASHRONT, it crumbles to dust.
It is a scroll of enchant weapon.
Your +0 dagger glows red for a moment.
The polar bear barely misses you. The polar bear claws you.
The polar bear closely misses you. The black bear bites you!
* * * LOW HITPOINT WARNING * * *
The black bear claws you.
* * * LOW HITPOINT WARNING * * *
The black bear claws you but does no damage.
The black bear misses you. x2; The black bear closely misses you.
The polar bear bites you!!
Ouch! That really hurt!
You die...

.#####.#
######.........#
.......#
#.......###
######## #.......#
#### #####.### ....
#.# ..#.
########.#######
....
####.............>#
#.##
#.hhhh...>..#####.#
#.# #@######.## #.#
#.# #h# ##.## #.#
#.#
#.#####...#####.#
#.#
#.#.....©.....#.#
..#
#...#########...##
..#
#..##8h._.$8##....
#.#
#..#Ko)%$/?..#.##.
#.#
#..#o##...##.#.##.
#.#
##.#.##...##.#.##.


You could see 2 polar bears and 3 black bears.

Vanquished Creatures
  4 gnolls
  2 adders
  An ooze (D:3)
  2 worms (D:2)
  A dart slug (D:1)
  4 leopard geckos
  4 bats
  A giant cockroach (D:2)
  10 goblins
  2 hobgoblins
  7 jackals
  6 kobolds
  A quokka (D:3)
  A ball python (D:1)
  9 frilled lizards
  6 rats
61 creatures vanquished.

Notes
Turn   | Place    | Note
-------+----------+-------------------------------------------
     0 | D:1      | mopl the Octopode Earth Elementalist began the quest for
                  | the Orb.
     0 | D:1      | Reached XP level 1. HP: 11/11 MP: 3/3
    99 | D:1      | Reached XP level 2. HP: 7/17 MP: 5/5
   349 | D:1      | Learned a level 2 spell: Passwall
   490 | D:1      | Reached skill level 3 in Stealth
   490 | D:1      | Reached XP level 3. HP: 15/21 MP: 6/6
   537 | D:1      | HP: 1/21 [gnoll (7)]
  1321 | D:2      | Found a white marble altar of Elyvilon.
  1439 | D:2      | Reached XP level 4. HP: 23/27 MP: 8/8
  1605 | D:2      | Found a faded altar of an unknown god.
  1767 | D:2      | Became a worshipper of Trog the Wrathful
  1767 | D:2      | Reached * piety under Trog
  1768 | D:2      | Fell from the grace of Trog
  1860 | D:2      | Found a bloodstained altar of Trog.
  2335 | D:3      | Reached skill level 1 in Shields
  2493 | D:3      | Reached skill level 4 in Stealth
  2494 | D:3      | Reached XP level 5. HP: 19/31 MP: 9/9
  2504 | D:2      | Learned a level 3 spell: Stone Arrow
  2643 | D:3      | Found a basalt altar of Yredelemnul.
  2682 | D:3      | Found a transporter.
  2683 | D:3      | Found a transporter.
  2715 | D:3      | Found a glowing golden altar of the Shining One.
  3108 | D:3      | Noticed a polar bear
  3108 | D:3      | Noticed a black bear
  3108 | D:3      | Noticed a black bear
  3108 | D:3      | Noticed a black bear
  3108 | D:3      | Noticed a polar bear
  3110 | D:3      | HP: 1/31 [black bear[the rage of Trog] (1)]
  3110 | D:3      | Demolished by a polar bear

Illustrated notes

Levels and vault maps discovered:
D:1:      ebering_hopf_link, layout_basic
D:2:      layout_basic, lightli_temple_of_fire, elyvilon_altar_4,
          chequers_ecumenical_altar_island
D:3:      layout_loops_ring, gammafunk_temple_overflow_arena,
          yredelemnul_altar_generic, tgw_xom, grunt_temple_overflow_diamond,
          uniq_natasha

Skill      XL: |  1  2  3  4 |
---------------+-------------+-----
Stealth        | 3 4 |  4.3
Shields        | 1 |  1.7
Dodging        | |  2.0
Spellcasting   | |  2.8
Transmutations | |  1.5
Earth Magic    | |  3.8

Action                   |  1- 3 |  4- 6 || total
-------------------------+-------+-------++-------
Melee: Dagger            |    64 |    66 ||   130
       Unarmed           |     5 |       ||     5
       Constrict         |    19 |    11 ||    30
       Tentacles         |    13 |    11 ||    24
Throw: Stone             |       |     1 ||     1
 Cast: Sandblast         |     9 |    11 ||    20
       Passwall          |     1 |       ||     1
Invok: Renounce Religion |       |     1 ||     1
  Use: Scroll            |     3 |     5 ||     8
 Stab: Sleeping          |     3 |     7 ||    10
       Distracted        |       |     1 ||     1
  Eat: Chunk             |     2 |     5 ||     7
Armor: Skin              |     7 |    15 ||    22
Dodge: Dodged            |    42 |    54 ||    96
